 Dungeon Crawl Stone Soup version 0.24.0-2-g5b39cebb1c (webtiles) character file.

Game seed: 16745734035349820587, levelgen mode: deterministic

83 Katsumi the Changer (level 4, 0/21 HPs)
             Began as a Felid Transmuter on Oct 29, 2019.
             Slain by a jackal (2 damage)
             ... on level 4 of the Dungeon.
             The game lasted 00:05:22 (5230 turns).

Katsumi the Changer (Felid Transmuter)              Turns: 5230, Time: 00:05:23

Health: 0/21       AC:  1    Str:  6    XL:     4   Next: 22%
Magic:  8/8        EV: 18    Int: 15    God:
Gold:   223        SH:  0    Dex: 17    Spells: 4/7 levels left
                                        Lives:  0   Deaths: 1

rFire    . . .     SeeInvis +     - Unarmed
rCold    . . .     Gourm    .   (shield unavailable)
rNeg     . . .     Faith    .   (armour unavailable)
rPois    .         Spirit   .   (helmet unavailable)
rElec    .         Reflect  .   (cloak unavailable)
rCorr    .         Harm     .   (gloves unavailable)
MR       +....                  (boots unavailable)
Stlth    +++.......             r - amulet of inaccuracy (curse)
HPRegen  0.07/turn              n - ring of protection from magic
MPRegen  0.11/turn              q - ring of stealth

@: quick
A: very small, no armour, no weapons or thrown items, stealth, claws 1, fangs 3,
see invisible, carnivore, speed 1, shaggy fur 1, slow metabolism 1, sharp paws
a: no special abilities


You were on level 4 of the Dungeon.
You were not hungry.

You visited 1 branch of the dungeon, and saw 4 of its levels.

You collected 223 gold pieces.

Inventory:

Missiles
 a - 51 arrows
Jewellery
 e - a +1 ring of evasion {unknown}
 n - a ring of protection from magic (left paw)
 q - a ring of stealth (right paw)
 r - a cursed amulet of inaccuracy (around neck)
Wands
 s - a wand of acid (6)
Scrolls
 g - a scroll of fog
 i - 2 scrolls of teleportation
 j - 2 scrolls of fear
 k - a scroll of enchant weapon
Potions
 b - a potion of flight {unknown}
 d - a potion of berserk rage
 f - a potion of agility {unknown}
 h - a potion of brilliance {unknown}
 l - a potion of haste {unknown}
 o - 2 potions of curing {unknown}
 p - a potion of heal wounds {unknown}
Comestibles
 c - 8 rations


   Skills:
 - Level 3.0 Fighting
 - Level 2.6 Dodging
 - Level 3.0 Unarmed Combat
 - Level 2.0 Spellcasting
 + Level 5.1 Transmutations


You had 4 spell levels left.
You knew the following spells:

 Your Spells              Type           Power        Failure   Level  Hunger
a - Beastly Appendage     Tmut           ###...       2%          1    #......
b - Sticks to Snakes      Tmut           ###.....     4%          2    ###....

Your spell library contained the following spells:

 Spells                   Type           Power        Failure   Level  Hunger
 Spider Form              Tmut/Pois      #.........   24%         3    ###....
 Ice Form                 Ice/Tmut       #.......     61%         4    #####..
 Blade Hands              Tmut           ###.......   58%         5    ######.


Dungeon Overview and Level Annotations

Branches:
Dungeon (4/15)
 Temple: D:4-7

Altars:
Cheibriados
Kikubaaqudgha
Qazlal


Innate Abilities, Weirdness & Mutations

You cannot wear armour.
You are incapable of wielding weapons or throwing items.
Your paws allow you to move quietly. (Stealth)
You have sharp claws.
You have razor-sharp teeth.
You have supernaturally acute eyesight. (SInv)
You are carnivorous and can eat meat at any time.
You cover ground quickly.
You are covered in fur. (AC +1)
You have a slow metabolism.
Your sharp claws are effective at attacking unaware monsters.


Message History

* * * LOW HITPOINT WARNING * * *
The jackal barely misses you. The jackal completely misses you.
The jackal closely misses you. The jackal barely misses you.
The jackal barely misses you.
You hear the slow rusting of a distant drain.
The jackal closely misses you. The jackal misses you. The jackal misses you.
The jackal misses you. The jackal completely misses you.
The jackal barely misses you. The jackal closely misses you.
The jackal bites you.
* * * LOW HITPOINT WARNING * * *
The jackal closely misses you. The jackal barely misses you.
The jackal closely misses you. The jackal misses you.
The jackal barely misses you. The jackal misses you.
The jackal closely misses you. The jackal bites you.
You die...

#....l###
#....Zl†#
#.....###
#......###
#####....# ##
#....l# .
###.#Z# .# #
########h##.##..
.....#..@.......
#........##.#
#..><........
#.#...#...#.#
...#..#......#
### #.......#.#
......##.#.#
###.......#
.....##.#


You could see an iguana, a jackal and a centaur skeleton.

Vanquished Creatures
  Natasha (twice) (D:2)
  A worker ant (D:4)
  An adder (D:3)
  An ooze (D:2)
  A worm (D:3)
  2 dart slugs (D:1)
  A leopard gecko (D:1)
  3 ball pythons
  3 giant cockroaches
  9 goblins
  4 hobgoblins
  5 jackals
  6 kobolds
  2 quokkas
  7 bats
  6 frilled lizards
  4 rats
58 creatures vanquished.

Vanquished Creatures (collateral kills)
  Natasha (D:2)
  An adder (D:2)
2 creatures vanquished.

Grand Total: 60 creatures vanquished

Notes
Turn   | Place    | Note
-------+----------+-------------------------------------------
     0 | D:1      | Katsumi the Felid Transmuter began the quest for the Orb.
     0 | D:1      | Reached XP level 1. HP: 9/9 MP: 4/4
  1070 | D:1      | Reached XP level 2. HP: 13/13 MP: 4/6
  1079 | D:1      | Learned a level 2 spell: Sticks to Snakes
  2175 | D:1      | Reached XP level 3. HP: 14/17 MP: 5/7
  2988 | D:2      | Reached skill level 3 in Transmutations
  3017 | D:2      | Noticed Natasha
  3277 | D:2      | Killed Natasha
  3277 | D:2      | Reached XP level 4. HP: 19/21 MP: 0/8
  3287 | D:2      | Noticed Natasha
  3296 | D:2      | Killed Natasha
  3296 | D:2      | Reached skill level 4 in Transmutations
  3654 | D:2      | Found a snail-covered altar of Cheibriados.
  3765 | D:2      | Noticed Natasha
  3776 | D:2      | Killed Natasha
  4919 | D:3      | Found a stormy altar of Qazlal.
  4920 | D:3      | Found an ancient bone altar of Kikubaaqudgha.
  5029 | D:3      | Reached XP level 5. HP: 24/24 MP: 7/9
  5145 | D:4      | Reached skill level 5 in Transmutations
  5155 | D:4      | Slain by an iguana
  5156 | D:4      | Reached XP level 4. HP: -4/31 MP: 8/8
  5225 | D:4      | HP: 1/21 [jackal (2)]
  5230 | D:4      | Slain by a jackal

Levels and vault maps discovered:
D:1:      matt_arrival_refuge, layout_rooms
D:2:      layout_rooms, lemuel_doored_altar, first_ration,
          guppyfry_early_lair_pool, uniq_natasha
D:3:      layout_basic, gammafunk_temple_overflow_statue
D:4:      layout_basic, nemelex_xobeh_ov_fountains_minmay,
          gup_sewer_entry_bubbles, uniq_ijyb

Skill      XL: |  1  2  3  4  5 |
---------------+----------------+-----
Fighting       | 2 3 |  3.0
Transmutations | 3 4 5 |  5.1
Dodging        | |  2.6
Unarmed Combat | |  3.0
Spellcasting   | |  2.0

Action                   |  1- 3 |  4- 6 || total
-------------------------+-------+-------++-------
Melee: Unarmed           |   100 |   105 ||   205
       Headbutt          |    13 |    11 ||    24
       Bite              |     7 |     9 ||    16
 Cast: Beastly Appendage |    26 |    19 ||    45
       Sticks to Snakes  |     8 |     3 ||    11
  Use: Scroll            |       |     5 ||     5
       Potion            |       |     1 ||     1
 Stab: Sleeping          |       |     4 ||     4
       Distracted        |       |     1 ||     1
  Eat: Chunk             |    13 |     5 ||    18
Armor: Skin              |     6 |    11 ||    17
Dodge: Dodged            |    83 |   216 ||   299
